APP
PRINCETON RAYS @ BALTIMORE (APP) ORIOLES
07/27/2049
 
TOP OF THE 1ST
Princeton Rays batting - Pitching for Baltimore (APP) Orioles : LHP Killian Wellman
Pitching: LHP Killian Wellman
Batting: RHB Toshikatsu Omori 0-0: Ball
1-0: SINGLE (Line Drive, 7S, EV 103.8 MPH)
Batting: RHB Ben Saxton 0-0: Ball
1-0: Ball
2-0: Ball
3-0: Called Strike
3-1: Foul Ball, location: 2F
3-2: SINGLE (Line Drive, 4MD, EV 94.4 MPH)
Toshikatsu Omori to second
Runner from 2nd tries for 3rd, OUT! 8-5
Batting: LHB Dave Northam 0-0: Ball
1-0: Fielders Choice at 2nd, 4-6 (Groundball, 34, EV 83.1 MPH)
Batting: RHB Bobby Ross 0-0: Called Strike
Dave Northam is caught stealing 2nd base 2-4
Top of the 1st over - 0 runs, 2 hits, 0 errors, 0 left on base; Princeton 0 - Baltimore (APP) 0
BOTTOM OF THE 1ST
Baltimore (APP) Orioles batting - Pitching for Princeton Rays : LHP John Sylvester
Pitching: LHP John Sylvester
Batting: LHB Edwin Cabral 0-0: Ball
1-0: Ground out 5-3 (Groundball, 56, EV 90.0 MPH)
Batting: RHB Johnny Lowe 0-0: Ball
1-0: DOUBLE (Groundball, 5L, EV 100.0 MPH)
Batting: SHB Shannon Britten 0-0: Fly out, F9 (Line Drive, 89M, EV 95.0 MPH)
Batting: RHB Adam Hudson 0-0: Ball
1-0: Called Strike
1-1: Ball
2-1: Called Strike
2-2: Ball
3-2: Base on Balls
Batting: LHB Robert Ortiz 0-0: Called Strike
0-1: Ball
1-1: Ball
2-1: Ball
3-1: Fly out, F7 (Flyball, 7LD, EV 110.6 MPH)
Bottom of the 1st over - 0 runs, 1 hit, 0 errors, 2 left on base; Princeton 0 - Baltimore (APP) 0
TOP OF THE 2ND
Princeton Rays batting - Pitching for Baltimore (APP) Orioles : LHP Killian Wellman
Batting: RHB Bobby Ross 0-0: Swinging Strike
0-1: SINGLE (Groundball, 4MD, EV 98.1 MPH)
Batting: RHB Sandoval Serzedelo 0-0: Ball
1-0: Ball
2-0: Called Strike
2-1: Foul Ball, location: 2F
2-2: Ball
3-2: Foul Ball, location: 2F
3-2: SINGLE (Groundball, 5S, EV 60.0 MPH) (infield hit)
Bobby Ross to second
Batting: SHB Dan Trainer 0-0: Ball
1-0: Called Strike
1-1: Called Strike
1-2: Ball
2-2: Ball
3-2: Strikes out swinging
Batting: RHB Willie Acevedo 0-0: Called Strike
0-1: Swinging Strike
0-2: Foul Ball, location: 2F
0-2: Foul Ball, location: 2F
0-2: Strikes out swinging
Batting: RHB Cody Gebo 0-0: SINGLE (Groundball, 4M, EV 90.0 MPH) (infield hit)
Bobby Ross to third
Sandoval Serzedelo to second
Batting: RHB Gilbert Hoareau 0-0: Called Strike
0-1: Called Strike
0-2: Ball
1-2: Ball
2-2: Strikes out swinging
Top of the 2nd over - 0 runs, 3 hits, 0 errors, 3 left on base; Princeton 0 - Baltimore (APP) 0
BOTTOM OF THE 2ND
Baltimore (APP) Orioles batting - Pitching for Princeton Rays : LHP John Sylvester
Batting: RHB Matt Wallace 0-0: Ground out 4-3 (Groundball, 4S, EV 90.6 MPH)
Batting: LHB Taylor Plummer 0-0: Ball
1-0: Ball
2-0: Ground out 6-3 (Groundball, 4MD, EV 85.0 MPH)
Batting: RHB Javier Brizuela 0-0: Called Strike
0-1: Ball
1-1: Ball
2-1: Called Strike
2-2: Ball
3-2: Strikes out swinging
Bottom of the 2nd over - 0 runs, 0 hits, 0 errors, 0 left on base; Princeton 0 - Baltimore (APP) 0
TOP OF THE 3RD
Princeton Rays batting - Pitching for Baltimore (APP) Orioles : LHP Killian Wellman
Batting: RHB Toshikatsu Omori 0-0: Ball
1-0: Ball
2-0: Ball
3-0: Foul Ball, location: 2F
3-1: Base on Balls
Batting: RHB Ben Saxton 0-0: Called Strike
Toshikatsu Omori is caught stealing 2nd base 2-4
0-1: Ball
1-1: Ball
2-1: Foul Ball, location: 2F
2-2: Ball
3-2: Strikes out swinging
Batting: LHB Dave Northam 0-0: Foul Ball, location: 2F
0-1: Ball
1-1: Called Strike
1-2: Ball
2-2: Ground out U3 (Groundball, 3L, EV 83.1 MPH)
Top of the 3rd over - 0 runs, 0 hits, 0 errors, 0 left on base; Princeton 0 - Baltimore (APP) 0
BOTTOM OF THE 3RD
Baltimore (APP) Orioles batting - Pitching for Princeton Rays : LHP John Sylvester
Batting: RHB Tyler Cohen 0-0: Ball
1-0: Ball
2-0: Called Strike
2-1: Called Strike
2-2: Ground out 6-3 (Groundball, 6, EV 95.6 MPH)
Batting: LHB Edwin Cabral 0-0: Called Strike
0-1: Called Strike
0-2: DOUBLE (Flyball, 7LD, EV 105.6 MPH)
Batting: RHB Johnny Lowe 0-0: Ball
1-0: Called Strike
1-1: SINGLE (Groundball, 6MD, EV 103.8 MPH)
Edwin Cabral to third
Runner from 3rd tries for Home, SAFE, throw by CF to home
Johnny Lowe to second
Batting: SHB Shannon Britten 0-0: Ball
1-0: Foul Ball, location: 2F
1-1: Foul Ball, location: 2F
1-2: Ball
2-2: Ball
3-2: SINGLE (Line Drive, 8RS, EV 92.5 MPH)
Johnny Lowe to third
Runner from 3rd tries for Home, SAFE, throw by CF to home
Batting: RHB Adam Hudson 0-0: Foul Ball, location: 2F
0-1: Ball
Shannon Britten steals 2nd, throwing error, E2
Shannon Britten to third
1-1: Foul Ball, location: 2F
1-2: Ball
2-2: Ground out 5-3 (Groundball, 56, EV 77.5 MPH)
Shannon Britten scores
Batting: LHB Robert Ortiz 0-0: Ball
1-0: Ball
2-0: Ball
3-0: Called Strike
3-1: Foul Ball, location: 2F
3-2: Ground out 4-3 (Groundball, 4, EV 108.8 MPH)
Bottom of the 3rd over - 3 runs, 3 hits, 1 error, 0 left on base; Princeton 0 - Baltimore (APP) 3
TOP OF THE 4TH
Princeton Rays batting - Pitching for Baltimore (APP) Orioles : LHP Killian Wellman
Batting: RHB Bobby Ross 0-0: Ball
1-0: Foul Ball, location: 2F
1-1: Foul Ball, location: 2F
1-2: Ball
2-2: Ground out 5-3 (Groundball, 56, EV 100.0 MPH)
Batting: RHB Sandoval Serzedelo 0-0: Ball
1-0: SINGLE (Line Drive, 6MD, EV 95.6 MPH)
Batting: SHB Dan Trainer 0-0: Called Strike
0-1: Ball
1-1: Ball
2-1: Ball
3-1: Base on Balls
Sandoval Serzedelo to second
Batting: RHB Willie Acevedo 0-0: Ball
1-0: Foul Ball, location: 2F
1-1: Foul Ball, location: 2F
1-2: SINGLE (Line Drive, 89M, EV 97.5 MPH)
Sandoval Serzedelo to third
Dan Trainer to second
Runner from 3rd tries for Home, SAFE, throw by CF to home
Batting: RHB Cody Gebo 0-0: SINGLE (Groundball, 25, EV 66.2 MPH) (infield hit)
Dan Trainer to third
Willie Acevedo to second
Batting: RHB Gilbert Hoareau 0-0: Ball
1-0: Ball
2-0: Ball
3-0: Called Strike
3-1: Foul Ball, location: 2F
3-2: Base on Balls
Dan Trainer scores
Willie Acevedo to third
Cody Gebo to second
Batting: RHB Toshikatsu Omori 0-0: Swinging Strike
0-1: Fielders Choice at 2nd, 6-4 (Groundball, 6, EV 88.8 MPH)
Willie Acevedo scores
Cody Gebo to third
Batting: RHB Ben Saxton 0-0: Called Strike
0-1: Foul Ball, location: 2F
0-2: Ball
1-2: 3-RUN HOME RUN (Flyball, 78XD, EV 105.6 MPH), Distance : 426 ft
Pitching: RHP Dave Shenton
Batting: LHB Dave Northam 0-0: Ball
1-0: Ball
2-0: Called Strike
2-1: Fly out, F9 (Flyball, 9D, EV 92.5 MPH)
Top of the 4th over - 6 runs, 4 hits, 0 errors, 0 left on base; Princeton 6 - Baltimore (APP) 3
BOTTOM OF THE 4TH
Baltimore (APP) Orioles batting - Pitching for Princeton Rays : LHP John Sylvester
Batting: RHB Matt Wallace 0-0: Ball
1-0: Ball
2-0: Ground out 5-3 (Groundball, 5L, EV 101.2 MPH)
Batting: LHB Taylor Plummer 0-0: SINGLE (Groundball, 34D, EV 98.1 MPH)
Batting: RHB Javier Brizuela 0-0: Called Strike
0-1: Ball
1-1: SINGLE (Groundball, 6D, EV 104.4 MPH)
Taylor Plummer to second
Batting: RHB Tyler Cohen 0-0: DOUBLE (Line Drive, 5D, EV 103.8 MPH)
Taylor Plummer scores
Javier Brizuela to third
Batting: LHB Edwin Cabral 0-0: Called Strike
0-1: Ball
Wild Pitch!
Javier Brizuela scores
Tyler Cohen to third
1-1: Ball
2-1: Ball
3-1: Called Strike
3-2: Base on Balls
Pitching: LHP Joel Brown
Batting: RHB Johnny Lowe 0-0: TRIPLE (Line Drive, 89XD, EV 106.2 MPH)
Tyler Cohen scores
Edwin Cabral scores
Batting: SHB Shannon Britten 0-0: Ball
1-0: Ball
2-0: Ball
3-0: Base on Balls
Batting: RHB Adam Hudson 0-0: 3-RUN HOME RUN (Flyball, 78XD, EV 105.6 MPH), Distance : 438 ft
Pitching: RHP Jonathan Holland
Batting: LHB Robert Ortiz 0-0: Called Strike
0-1: Ball
1-1: Ball
2-1: Swinging Strike
2-2: Foul Ball, location: 2F
2-2: Ball
3-2: Base on Balls
Batting: RHB Matt Wallace 0-0: Grounds into double play, 5-4-3 (Groundball, 56, EV 100.6 MPH)
Bottom of the 4th over - 7 runs, 5 hits, 0 errors, 0 left on base; Princeton 6 - Baltimore (APP) 10
TOP OF THE 5TH
Princeton Rays batting - Pitching for Baltimore (APP) Orioles : RHP Dave Shenton
Batting: RHB Bobby Ross 0-0: Ball
1-0: Ball
2-0: Fly out, F7 (Flyball, 7, EV 87.5 MPH)
Batting: RHB Sandoval Serzedelo 0-0: Called Strike
0-1: Called Strike
0-2: Ball
1-2: Ball
2-2: Ball
3-2: Foul Ball, location: 2F
3-2: Base on Balls
Batting: SHB Dan Trainer 0-0: Ball
1-0: Ball
Sandoval Serzedelo steals 2nd base
2-0: Called Strike
2-1: Ball
3-1: Base on Balls
Batting: RHB Willie Acevedo 0-0: Called Strike
0-1: Foul Ball, location: 2F
0-2: Ball
1-2: Strikes out swinging
Batting: RHB Cody Gebo 0-0: Called Strike
0-1: Called Strike
0-2: Strikes out swinging
Top of the 5th over - 0 runs, 0 hits, 0 errors, 2 left on base; Princeton 6 - Baltimore (APP) 10
BOTTOM OF THE 5TH
Baltimore (APP) Orioles batting - Pitching for Princeton Rays : RHP Jonathan Holland
Batting: LHB Taylor Plummer 0-0: DOUBLE (Line Drive, 89D, EV 106.9 MPH)
Batting: RHB Javier Brizuela 0-0: Called Strike
0-1: Foul Ball, location: 2F
0-2: Ball
1-2: Ball
2-2: Ball
3-2: Base on Balls
Batting: RHB Tyler Cohen 0-0: Called Strike
0-1: Ball
1-1: 3-RUN HOME RUN (Flyball, 7D, EV 110.0 MPH), Distance : 411 ft
Batting: LHB Edwin Cabral 0-0: Foul Ball, location: 2F
0-1: Hit by Pitch
Batting: RHB Johnny Lowe 0-0: Ball
1-0: Foul Ball, location: 2F
1-1: Ball
2-1: Swinging Strike
2-2: Ball
3-2: Fly out, F8 (Line Drive, 8RM, EV 90.6 MPH)
Batting: SHB Shannon Britten 0-0: 2-RUN HOME RUN (Flyball, 7LD, EV 94.4 MPH), Distance : 372 ft
Pitching: RHP Josh Carey
Batting: RHB Adam Hudson 0-0: Ball
1-0: Ball
2-0: Ball
3-0: Base on Balls
Batting: LHB Robert Ortiz 0-0: Fly out, F9 (Flyball, 9D, EV 93.1 MPH)
Batting: RHB Matt Wallace 0-0: Ball
1-0: Reached via error on a dropped throw from P, E3 (Groundball, P, EV 73.8 MPH)
Adam Hudson to second
Batting: LHB Taylor Plummer 0-0: Ball
1-0: Fly out, F7 (Flyball, 7S, EV 89.4 MPH)
Bottom of the 5th over - 5 runs, 3 hits, 1 error, 2 left on base; Princeton 6 - Baltimore (APP) 15
TOP OF THE 6TH
Princeton Rays batting - Pitching for Baltimore (APP) Orioles : RHP Dave Shenton
Pinch Hitting: LHB Jonathan Watt 0-0: SOLO HOME RUN (Flyball, 9D, EV 95.0 MPH), Distance : 381 ft
Batting: RHB Toshikatsu Omori 0-0: Ball
1-0: Called Strike
1-1: Ball
2-1: Foul Ball, location: 2F
2-2: Strikes out looking
Batting: RHB Ben Saxton 0-0: Ball
1-0: Called Strike
1-1: DOUBLE (Line Drive, 7LM, EV 108.8 MPH)
Batting: LHB Dave Northam 0-0: Ball
1-0: Foul Ball, location: 2F
1-1: Swinging Strike
1-2: Ball
2-2: Foul Ball, location: 2F
2-2: Ball
3-2: Foul Ball, location: 2F
3-2: Ground out 4-3 (Groundball, 4, EV 76.2 MPH)
Ben Saxton to third
Batting: RHB Bobby Ross 0-0: Called Strike
0-1: Ball
1-1: Ball
2-1: Ground out U3 (Groundball, 3, EV 84.4 MPH)
Top of the 6th over - 1 run, 2 hits, 0 errors, 1 left on base; Princeton 7 - Baltimore (APP) 15
BOTTOM OF THE 6TH
Baltimore (APP) Orioles batting - Pitching for Princeton Rays : RHP Josh Carey
Now in CF: Carlos Ruelas
Batting: RHB Javier Brizuela 0-0: Ball
1-0: Ball
2-0: Called Strike
2-1: Ball
3-1: Base on Balls
Batting: RHB Tyler Cohen 0-0: Foul Ball, location: 2F
0-1: Ball
1-1: Swinging Strike
1-2: Strikes out swinging
Batting: LHB Edwin Cabral 0-0: Ball
1-0: Ball
2-0: Ball
3-0: Called Strike
3-1: Foul Ball, location: 2F
3-2: Strikes out swinging
Batting: RHB Johnny Lowe 0-0: Ball
1-0: Foul Ball, location: 2F
1-1: Ground out 4-3 (Groundball, 4, EV 102.5 MPH)
Bottom of the 6th over - 0 runs, 0 hits, 0 errors, 1 left on base; Princeton 7 - Baltimore (APP) 15
TOP OF THE 7TH
Princeton Rays batting - Pitching for Baltimore (APP) Orioles : RHP Dave Shenton
Pinch Hitting: LHB Matt Pena 0-0: SOLO HOME RUN (Flyball, 9D, EV 98.1 MPH), Distance : 400 ft
Batting: SHB Dan Trainer 0-0: Ball
1-0: Foul Ball, location: 2F
1-1: Called Strike
1-2: Foul Ball, location: 2F
1-2: Ball
2-2: Strikes out swinging, 2-3 out at first.
Pitching: RHP Xavier Martin
Batting: RHB Willie Acevedo 0-0: Ball
1-0: Called Strike
1-1: Ball
2-1: Ball
3-1: Foul Ball, location: 2F
3-2: Foul Ball, location: 2F
3-2: Base on Balls
Pinch Hitting: RHB Gabe Wilcoxon 0-0: Foul Ball, location: 2F
0-1: Ball
1-1: Ball
2-1: Swinging Strike
2-2: Fly out, F9 (Flyball, 9D, EV 104.4 MPH)
Batting: RHB Carlos Ruelas 0-0: Called Strike
Willie Acevedo steals 2nd base (no throw)
0-1: Called Strike
0-2: Foul Ball, location: 2F
0-2: Strikes out looking
Top of the 7th over - 1 run, 1 hit, 0 errors, 1 left on base; Princeton 8 - Baltimore (APP) 15
BOTTOM OF THE 7TH
Baltimore (APP) Orioles batting - Pitching for Princeton Rays : RHP Josh Carey
Now in LF: Gabe Wilcoxon
Now in RF: Matt Pena
Batting: SHB Shannon Britten 0-0: Fly out, F9 (Flyball, 9LS, EV 85.6 MPH)
Pinch Hitting: RHB Aaron Elliott 0-0: Ball
1-0: Ball
2-0: Ball
3-0: Called Strike
3-1: Swinging Strike
3-2: Base on Balls
Pinch Hitting: LHB Mike Murphy 0-0: Swinging Strike
Passed Ball!
Aaron Elliott to second
0-1: Ball
1-1: Swinging Strike
1-2: Ball
2-2: Ball
3-2: Fly out, F5 (Popup, 5SF, EV 88.8 MPH)
Batting: RHB Matt Wallace 0-0: Ball
1-0: Ground out 6-3 (Groundball, 6, EV 79.4 MPH)
Bottom of the 7th over - 0 runs, 0 hits, 0 errors, 1 left on base; Princeton 8 - Baltimore (APP) 15
TOP OF THE 8TH
Princeton Rays batting - Pitching for Baltimore (APP) Orioles : RHP Xavier Martin
Now at 1B: Aaron Elliott
Now in RF: Mike Murphy
Pinch Hitting: RHB Joel Wittmier 0-0: Foul Ball, location: 2F
0-1: Ball
1-1: Foul Ball, location: 2F
1-2: Strikes out looking
Batting: RHB Ben Saxton 0-0: SINGLE (Line Drive, 8RS, EV 100.0 MPH)
Batting: LHB Dave Northam 0-0: Called Strike
0-1: Ball
1-1: Ball
2-1: Foul Ball, location: 2F
2-2: Fielders Choice at 2nd, 4-6 (Groundball, 4, EV 82.5 MPH)
Batting: RHB Bobby Ross 0-0: Called Strike
0-1: Ball
1-1: Fly out, F8 (Flyball, 89D, EV 105.6 MPH)
Top of the 8th over - 0 runs, 1 hit, 0 errors, 1 left on base; Princeton 8 - Baltimore (APP) 15
BOTTOM OF THE 8TH
Baltimore (APP) Orioles batting - Pitching for Princeton Rays : RHP Josh Carey
Now at 1B: Joel Wittmier
Batting: LHB Taylor Plummer 0-0: Ball
1-0: Called Strike
1-1: Ball
2-1: Ground out 4-3 (Groundball, 4, EV 86.9 MPH)
Batting: RHB Javier Brizuela 0-0: Ball
1-0: Called Strike
1-1: Fly out, F8 (Flyball, 8RD, EV 83.8 MPH)
Batting: RHB Tyler Cohen 0-0: Ground out 6-3 (Groundball, 6M, EV 82.5 MPH)
Bottom of the 8th over - 0 runs, 0 hits, 0 errors, 0 left on base; Princeton 8 - Baltimore (APP) 15
TOP OF THE 9TH
Princeton Rays batting - Pitching for Baltimore (APP) Orioles : RHP Xavier Martin
Pinch Hitting: SHB Omar Cervantes 0-0: Called Strike
0-1: Called Strike
0-2: Ball
1-2: Ball
2-2: Foul Ball, location: 2F
2-2: Foul Ball, location: 2F
2-2: Strikes out swinging, 2-3 out at first.
Pitching: RHP Hajato Takahashi
Batting: SHB Dan Trainer 0-0: Ball
1-0: Foul Ball, location: 2F
1-1: Ball
2-1: Called Strike
2-2: Foul Ball, location: 2F
2-2: Foul Ball, location: 2F
2-2: Fly out, F9 (Flyball, 89M, EV 82.5 MPH)
Batting: RHB Willie Acevedo 0-0: Ball
1-0: Ball
2-0: Ball
3-0: Called Strike
3-1: Base on Balls
Batting: RHB Gabe Wilcoxon 0-0: Ball
1-0: Foul Ball, location: 2F
1-1: Called Strike
1-2: Ground out 5-3 (Groundball, 56S, EV 86.9 MPH)
Top of the 9th over - 0 runs, 0 hits, 0 errors, 1 left on base; Princeton 8 - Baltimore (APP) 15
Sunday, July 16th , 2023 - OOTP Baseball 24.6 Build 69